 Dungeon Crawl Stone Soup version 0.30-a0-862-g1aabd4f9c5 (webtiles) character file.

Game seed: 14423057182930434244

1513 Dittersdorf the Trooper (level 8, -13/52 HPs)
             Began as a Gargoyle Fighter on Mar 9, 2023.
             Was a Follower of Okawaru.
             Killed by divine providence
             ... invoked by an orc priest
              (17 damage)
             ... on level 5 of the Dungeon.
             The game lasted 00:06:39 (5167 turns).

Dittersdorf the Trooper (Gargoyle Fighter)          Turns: 5167, Time: 00:06:39

Health: -13/52     AC: 14    Str: 22    XL:     8   Next: 83%
Magic:  8/8        EV:  8    Int:  9    God:    Okawaru [*.....]
Gold:   260        SH: 12    Dex:  9    Spells: 5/7 levels left

rFire   . . .      SeeInvis +    a - +1 flail (spect)
rCold   . . .      Faith    .    j - +3 kite shield
rNeg    + . .      Spirit   .    b - +0 scale mail
rPois   ∞          Reflect  .    f - +0 helmet
rElec   +          Rampage  .    (no cloak)
rCorr   .                        (no gloves)
Will    .....                    (no boots) Stlth
                                 (no amulet)
HPRegen 0.28/turn                v - ring of see invisible
MPRegen 0.11/turn                (no ring)

@: no status effects
A: sickness immunity, AC +5, negative energy resistance 1, electricity
resistance, torment resistance 1, petrification resistance
a: Renounce Religion, Heroism


You were on level 5 of the Dungeon.
You worshipped Okawaru.
Okawaru was aware of your devotion.
You visited 2 branches of the dungeon, and saw 6 of its levels.
You also visited: Ossuary.

You collected 260 gold pieces.

Inventory:

Hand Weapons
 a - a +1 spectral flail (weapon)
Missiles
 e - 10 poisoned darts (quivered)
Armour
 b - a +0 scale mail (worn)
 f - a +0 helmet (worn)
 j - a +3 kite shield (worn)
 n - a +0 plate armour
Jewellery
 v - a ring of see invisible (left hand)
Scrolls
 i - a scroll of enchant armour
 k - a scroll of poison
 o - 2 scrolls of enchant weapon
 p - 2 scrolls of fear
 t - a scroll of teleportation {unknown}
 w - a scroll of brand weapon
 x - a scroll of fog
Potions
 c - 3 potions of degeneration {unknown}
 d - 6 potions of might
 g - 7 potions of curing {unknown}
 h - 2 potions of lignification {unknown}
 l - 2 potions of brilliance {unknown}
 m - 3 potions of haste {unknown}
 q - 2 potions of cancellation {unknown}
 r - 2 potions of mutation
 s - a potion of resistance {unknown}
 u - a potion of berserk rage {unknown}


   Skills:
 + Level 6.7 Fighting
 + Level 5.6 Maces & Flails
 + Level 6.7 Armour
 + Level 6.7 Shields


You had 5 spell levels left.
You knew the following spells:

 Your Spells              Type           Power      Damage    Failure   Level
a - Passwall              Tmut/Erth      0%         N/A       98%         2

Your spell library contained the following spells:

 Spells                   Type           Power      Damage    Failure   Level
 Sandblast                Erth           0%         2d4       95%         1
 Stone Arrow              Conj/Erth      0%         3d7       100%        3


Dungeon Overview and Level Annotations

Branches:
Dungeon (5/15)             Temple (1/1) D:4         Ossuary (visited)

Altars:
Ashenzari
Cheibriados
Fedhas
Gozag
Okawaru
Qazlal
Ru
Sif Muna
Trog
Wu Jian
Xom
Yredelemnul
Zin

Shops:
D:3 :(


Innate Abilities, Weirdness & Mutations

You are immune to sickness and miasma.
Your stone body is resilient. (AC +5)
You are immune to poison.
You resist negative energy. (rN+)
You are resistant to electric shocks. (rElec)
You are resistant to unholy torment.
You are immune to petrification.


Message History

You block the orc's attack.
The orc priest hits you but does no damage.
An adder comes into view.
The orc hits you but does no damage. x2
The orc priest calls upon Beogh to heal the orc priest.
The orc priest's wounds heal themselves!
You block the orc priest's attack.
The adder hisses angrily.
You closely miss the orc priest. The orc barely misses you.
The orc priest invokes the aid of Beogh against you.
Beogh smites you! You block the orc priest's attack.
The orc hits you with a +0 dagger.
You are too injured to fight recklessly!
You are too injured to fight recklessly!
You are too injured to fight recklessly!
You are too injured to fight recklessly!
You are too injured to fight recklessly!
You are too injured to fight recklessly!
You are too injured to fight recklessly!
You hit the orc priest but do no damage.
You block the orc's attack.
The orc priest mumbles some strange prayers to Beogh against you.
Beogh smites you!
* * * LOW HITPOINT WARNING * * *
The orc priest hits you but does no damage.
The orc barely misses you.
You sock the orc priest!
The orc priest is almost dead.
You block the orc's attack.
The orc priest calls down the wrath of Beogh upon you.
Pain shoots through your body!
* * * LOW HITPOINT WARNING * * *
The orc hits you with a +0 dagger.
* * * LOW HITPOINT WARNING * * *
The orc hits you with a +0 dagger.
* * * LOW HITPOINT WARNING * * *
The orc hits you but does no damage.
The orc priest invokes the aid of Beogh against you.
Beogh smites you!
You die...

#
#....##......#
....# #.#. #
..... #####..#
###.#.#.#.
#... ###
#.#...# #
#..#. ... ..
#.##.## #...
#.# ###.##.#
... #..##
....#.# ###
#..#.#
..###.o#.#
.....oo@.#
..../So###
.###... #...
#... #.# ....
#.# .. #.##.
#.# #..##
.###. #.#
#..#. .## #.#


You could see 2 orc priests, an adder and 2 orcs.

Vanquished Creatures
  Sigmund (D:2)
  A wraith (Ossuary)
  Duvessa (D:5)
  2 black bears
  3 ogres
  3 elf zombies (Ossuary)
  A scorpion (D:4)
  Dowan (D:5)
  A howler monkey (D:3)
  A hound (D:4)
  An orc priest (D:3)
  A human zombie (Ossuary)
  An iguana (D:5)
  3 mummies (Ossuary)
  6 adders
  A worm (D:5)
  3 dart slugs
  9 orcs
  3 ball pythons
  10 endoplasms
  5 giant cockroaches
  A gnoll zombie (Ossuary)
  8 goblins
  6 hobgoblins
  2 quokkas
  2 bats
  4 frilled lizards
  3 goblin zombies (Ossuary)
  2 hobgoblin zombies (Ossuary)
  9 kobolds
  4 kobold zombies (Ossuary)
  5 rats
  8 bushes (D:1)
112 creatures vanquished.

Vanquished Creatures (others)
  2 plants (D:1)
2 creatures vanquished.

Grand Total: 114 creatures vanquished

Notes
Turn   | Place    | Note
-------+----------+-------------------------------------------
     0 | D:1      | Dittersdorf the Gargoyle Fighter began the quest for the
                  | Orb.
     0 | D:1      | Reached XP level 1. HP: 14/14 MP: 1/1
     6 | D:1      | Noticed a swamp drake
     6 | D:1      | Noticed a wolf
     6 | D:1      | Noticed a komodo dragon
     6 | D:1      | Noticed an anaconda
    62 | D:1      | Reached XP level 2. HP: 13/19 MP: 2/2
   481 | D:1      | You fall into a shaft and drop 1 floor!
   487 | D:2      | Noticed Sigmund
   503 | D:2      | Killed Sigmund
   504 | D:2      | Reached XP level 3. HP: 18/24 MP: 3/3
   504 | D:2      | Reached XP level 4. HP: 23/30 MP: 4/4
   504 | D:2      | Reached XP level 5. HP: 26/34 MP: 5/5
   731 | D:2      | Learned a level 2 spell: Passwall
  1852 | D:1      | Reached XP level 6. HP: 18/39 MP: 6/6
  2613 | D:3      | Found Zajel's Book Shoppe.
  2809 | D:3      | Found Siq Xugu's Antique Weapon Boutique.
  2835 | D:3      | Found a blossoming altar of Fedhas.
  3090 | D:4      | Reached skill level 5 in Fighting
  3090 | D:4      | Reached skill level 5 in Armour
  3090 | D:4      | Reached skill level 5 in Shields
  3091 | D:4      | Reached XP level 7. HP: 30/44 MP: 7/7
  3238 | D:4      | Found a staircase to the Ecumenical Temple.
  3453 | Temple   | Entered the Ecumenical Temple
  3487 | Temple   | Became a worshipper of Warmaster Okawaru
  3990 | D:5      | Entered Level 5 of the Dungeon
  4110 | D:5      | Found a sand-covered staircase.
  4119 | Ossuary  | Entered an ossuary
  4119 | Ossuary  | Noticed a wraith
  4119 | Ossuary  | Noticed a wraith
  4119 | Ossuary  | Noticed a wraith
  4225 | Ossuary  | Reached XP level 8. HP: 50/51 MP: 8/8
  4611 | Ossuary  | Noticed a wraith
  4626 | Ossuary  | Killed a wraith
  4626 | Ossuary  | Reached * piety under Okawaru
  4627 | Ossuary  | Reached skill level 5 in Maces & Flails
  4923 | D:5      | Noticed Dowan
  4924 | D:5      | Noticed Duvessa
  4934 | D:5      | Killed Dowan
  4941 | D:5      | Killed Duvessa
  5167 | D:5      | Killed from afar by an orc priest

Illustrated notes

Levels and vault maps discovered:
D:1:      onia_arrival_zoo_common, layout_basic, serial_forest,
          infiniplex_forest_corner_2, infiniplex_forest_lined_3_way,
          infiniplex_forest_straight_5, infiniplex_forest_3_way,
          infiniplex_forest_zigzag_1, infiniplex_forest_lined_room_2,
          infiniplex_forest_end_3
D:2:      layout_rooms, uniq_sigmund
D:3:      cheibrodos_pilgrimage, layout_loops_ring, pf_just_have_faith,
          serial_shops, nicolae_shop_window_shopping,
          nicolae_shop_competitors_out_of_business
D:4:      layout_basic, minmay_temple_entry_sparse_star, minmay_between
D:5:      layout_loops_ring, lightli_ossuary_entry_decrepit_ruins, uniq_duvessa,
          uniq_grinder
Temple:   nicolae_temple_bog_church

Skill      XL: |  1  2  3  4  5  6  7  8 |
---------------+-------------------------+-----
Fighting       | 4 5 6 |  6.7
Maces & Flails | 3 4 5 |  5.6
Armour         | 4 5 6 |  6.7
Shields        | 4 5 6 |  6.7

Action                     |  1- 3 |  4- 6 |  7- 9 || total
---------------------------+-------+-------+-------++-------
  Melee: Flail             |    79 |   660 |   189 ||   928
  Throw: Dart              |       |       |     5 ||     5
    Use: Scroll            |       |     7 |     5 ||    12
   Stab: Distracted        |       |       |     1 ||     1
 Armour: Scale mail        |    75 |    66 |    94 ||   235
  Dodge: Dodged            |    62 |    46 |    58 ||   166
  Block: Buckler           |    17 |     3 |       ||    20
         Kite shield       |       |    82 |   126 ||   208

Table legend: (Time is in decaauts)
 A = Elapsed time spent in this place.
 B = Non-inter-level travel time spent in this place.
 C = Inter-level travel time spent in this place.
 D = Time resting spent in this place.
 E = Time spent auto-exploring this place.
 F = Levels seen in this place.
 G = Mean time per level.
                   A        B        C        D        E       F      G
               +--------+--------+--------+--------+--------+-----+--------+
         Total |   5527 |   5372 |    155 |    602 |   2866 |   7 |  789.6 |
       Dungeon |   4823 |   4694 |    129 |    527 |   2442 |   5 |  964.6 |
        Temple |     56 |     30 |     26 |      0 |     20 |   1 |   56.0 |
       Ossuary |    647 |    647 |      0 |     75 |    404 |   1 |  647.0 |
               +--------+--------+--------+--------+--------+-----+--------+

Top non-repeatable levels by time:
     D:1: 1928 daAuts
     D:4: 958 daAuts
     D:3: 923 daAuts
 Ossuary: 647 daAuts
     D:5: 580 daAuts
     D:2: 432 daAuts
  Temple: 56 daAuts
